Map: Purity and Industry LE

Players

Spirit - Winner!

  • Race: Terran Terran
  • League: Diamond
  • Spawn Location: 3:00

A.I. 1 (Very Easy)

  • Race: Terran Terran
  • Spawn Location: 12:00

VOD

Have the link to the VOD?

Description

Time

  • Played on: March 30, 2020, 8:54 a.m.
  • Length: 11:59
Show
View Real Time Build Order
Export as new Build Order

Spirit Terran - Winner!

Build Orders:  

Get SALT Encoding   

  12  0:00  SCV  
  13  0:13  SCV  
  14  0:17  Supply Depot  
  14  0:25  SCV  
  15  0:28  Refinery  
  15  0:38  SCV  
  16  0:46  Barracks  
  16  0:51  SCV  
  17  1:03  SCV  
  18  1:15  SCV  
  19  1:27  SCV  
  20  1:33  Reaper  
  21  1:41  Orbital Command  
  21  1:53  Command Center  
  21  2:05  Reaper  
  22  2:08  Refinery  
  22  2:13  SCV, Supply Depot  
  23  2:21  Factory  
  23  2:34  SCV  
  24  2:38  Reaper  
  25  2:46  SCV  
  26  2:58  SCV  
  27  3:06  Hellion, Starport  
  27  3:07  Orbital Command  
  27  3:10  SCV, Barracks Reactor  
  30  3:23  SCV  
  31  3:29  Supply Depot  
  31  3:30  Hellion  
  33  3:35  SCV  
  33  3:36  SCV  
  35  3:46  Marine  
  35  3:47  SCV, Marine, Starport Tech Lab  
  38  3:48  SCV  
  38  3:52  Factory Tech Lab  
  39  3:59  SCV  
  39  4:00  SCV  
  41  4:08  Raven  
  41  4:09  Marine x2  
  45  4:13  SCV, Cyclone  
  45  4:14  SCV, Supply Depot  
  50  4:25  SCV  
  50  4:26  SCV, Marine  
  53  4:34  Command Center  
  53  4:35  Barracks  
  53  4:36  Barracks  
  53  4:40  SCV x2  
  55  4:49  Engineering Bay  
  55  4:52  SCV x2  
  57  5:02  Siege Tank  
  57  5:04  SCV x2  
  57  5:06  Refinery  
  62  5:07  Refinery  
  62  5:20  Supply Depot  
  62  5:23  Stimpack  
  62  5:30  Barracks Reactor  
  62  5:42  SCV x2, Medivac x2  
  68  5:44  Marine  
  68  5:45  Siege Tank  
  73  5:50  Barracks Reactor  
  73  5:51  Orbital Command  
  73  5:55  SCV x2  
  74  5:57  Terran Infantry Weapons Level 1  
  74  6:02  Marine  
  75  6:04  Engineering Bay  
  75  6:07  SCV x2  
  75  6:08  Armory  
  75  6:10  Marine x2  
  79  6:19  SCV x2  
  79  6:21  Viking  
  79  6:23  Marine  
  79  6:24  Orbital Command  
  84  6:31  SCV  
  85  6:48  Terran Infantry Armor Level 1  
  85  6:58  Supply Depot  
  85  6:59  Supply Depot  
  85  7:18  Command Center  
  85  7:19  Viking x2, SCV x2, Marine x2  
  85  7:20  SCV, Marine x3, Siege Tank  
  85  7:22  Barracks x2  
  100  7:31  SCV  
  100  7:33  Terran Vehicle And Ship Armor Level 1  
  101  7:43  Factory  
  101  7:45  Supply Depot x2  
  101  8:03  Terran Infantry Weapons Level 2  
  101  8:06  Marine x2  
  101  8:07  SCV x3, Viking x2, Marine x3, Siege Tank  
  101  8:09  Barracks Reactor x2  
  116  8:19  SCV  
  117  8:22  Supply Depot  
  117  8:27  Refinery  
  117  8:29  Refinery  
  117  8:30  SCV x2, Orbital Command, Marine x5  
  117  8:31  SCV  
  117  8:32  Factory Tech Lab  
  125  8:37  Viking  
  125  8:39  Siege Tank  
  130  8:41  Command Center  
  130  8:42  SCV x2, Barracks  
  130  8:43  SCV, Barracks  
  130  8:47  Marine x2  
  135  8:54  SCV  
  136  8:57  SCV x3  
  136  9:02  Marine  
  140  9:10  Supply Depot  
  140  9:11  Supply Depot  
  140  9:16  Terran Infantry Armor Level 2  
  140  9:32  SCV x2, Liberator, Marine x8, Siege Tank  
  140  9:33  Barracks  
  140  9:35  Factory  
  140  9:37  Starport  
  156  9:40  Orbital Command  
  156  9:49  Supply Depot x4  
  156  9:51  Supply Depot  
  156  9:52  Marine x4, Liberator  
  156  9:53  SCV x3, Marauder, Siege Tank  
  171  10:10  SCV x3, Siege Tank  
  171  10:12  SCV, Marine x8  
  186  10:14  Marauder  
  186  10:15  Starport Reactor, Liberator  
  191  10:22  SCV, Factory Tech Lab  
  191  10:28  Refinery  
  192  10:29  Refinery  
  192  10:30  Marine x5  
  197  10:40  Marauder, Marine  
Show
View Real Time Build Order
Export as new Build Order

A.I. 1 (Very Easy) Terran 

Build Orders:  

Get SALT Encoding   

  12  0:00  SCV  
  13  0:13  SCV  
  14  0:18  Supply Depot  
  14  0:37  Refinery  
  14  0:42  Barracks  
  14  1:07  Supply Depot  
  14  1:12  Refinery  
  14  1:30  Marine  
  14  1:31  SCV  
  16  1:43  SCV  
  17  1:55  SCV  
  18  2:04  Marine  
  18  2:07  SCV  
  20  2:19  SCV  
  21  2:31  SCV  
  22  2:39  Marine  
  22  2:44  Orbital Command  
  23  5:54  SCV, Marine  
  25  5:57  Supply Depot  
  25  6:00  Factory  
  25  6:19  SCV  
  25  6:22  Supply Depot  
  26  6:28  Barracks Tech Lab  
  26  6:31  SCV  
  25  6:43  SCV  
  25  6:45  Starport  
  25  6:47  Marine  
  25  6:50  Command Center  
  26  6:55  SCV  
  27  7:21  Marauder  
  29  7:22  Starport Tech Lab  
  29  7:41  Raven  
  31  7:55  Marine  
  32  8:03  SCV  
  33  8:11  SCV  
  34  8:13  Refinery  
  34  8:16  Refinery  
  34  8:18  SCV  
  35  8:24  Raven  
  35  8:25  SCV  
  38  8:30  Marine  
  38  8:32  SCV  
  40  8:39  SCV  
  41  8:47  SCV  
  42  8:54  SCV  
  43  9:01  SCV  
  44  9:08  SCV  
  45  9:16  SCV  
  46  9:23  SCV  
  47  9:31  SCV  
  47  9:38  SCV  
  48  9:45  SCV  
  49  9:52  SCV  
  50  10:20  SCV  
  50  10:59  Marine  
  45  11:10  SCV  
  45  11:15  Supply Depot  
  41  11:20  SCV  
  25  11:34  SCV, Barracks  
Tags
 
Add a new tag
Caveats
  • Supply blocks, unpowered buildings, or Contaminate may cause inaccurate times.
  • Supply counts are checked every 10 seconds.